 Dungeon Crawl Stone Soup version 0.27-a0-1180-g7fc4abc71e (webtiles) character file.

Game seed: 9515036615804255683

471 DasRunzen the Slasher (level 6, -8/51 HPs)
             Began as a Demigod Gladiator on May 17, 2021.
             Killed by divine providence
             ... invoked by an orc priest
              (13 damage)
             ... on level 5 of the Dungeon.
             The game lasted 00:08:03 (5218 turns).

DasRunzen the Slasher (Demigod Gladiator)           Turns: 5218, Time: 00:08:04

Health: -8/51      AC:  7    Str: 15    XL:     6   Next: 52%
Magic:  0/11       EV: 13    Int: 18    God:
Gold:   233        SH:  0    Dex: 17    Spells: 8/8 levels left

rFire    . . .     SeeInvis .   a - +1 long sword
rCold    . . .     Faith    .   (no shield)
rNeg     . . .     Spirit   +   b - +0 leather armour
rPois    .         Reflect  .   c - +0 helmet
rElec    .         Harm     .   i - +0 cloak
rCorr    .         Rampage  .   o - +0 pair of gloves
Will     .....                  s - +0 pair of boots
Stlth    +.........             m - amulet of guardian spirit
HPRegen  0.17/turn              (no ring)
MPRegen  0.12/turn              (no ring)

@: no status effects
A: high mp 1, forlorn, agile 1, mutation resistance 1
a: no special abilities


You were on level 5 of the Dungeon.
You visited 1 branch of the dungeon, and saw 5 of its levels.

You collected 233 gold pieces.

Inventory:

Hand Weapons
 a - a +1 long sword (weapon)
Missiles
 d - 3 throwing nets (quivered)
Armour
 b - a +0 leather armour (worn)
 c - a +0 helmet (worn)
 i - a +0 cloak (worn)
 o - a +0 pair of gloves (worn)
 s - a +0 pair of boots (worn)
Jewellery
 m - an amulet of guardian spirit (around neck)
Scrolls
 f - 2 scrolls of identify
 q - 2 scrolls of amnesia
Potions
 e - 2 potions of curing
 g - a potion of invisibility
 h - 2 potions of haste
 j - a potion of brilliance
 k - a potion of might
 l - a potion of magic


   Skills:
 + Level 3.4 Fighting
 + Level 4.1 Long Blades
 - Level 1.7 Throwing
 + Level 2.8 Armour
 + Level 4.0 Dodging
 + Level 1.6 Spellcasting


You had 8 spell levels left.
You didn't know any spells.
Your spell library was empty.

Dungeon Overview and Level Annotations

Branches:
Dungeon (5/15)
 Temple: D:4-7

Shops:
D:2 =


Innate Abilities, Weirdness & Mutations

Your attributes grow dramatically as you level up.
You have an increased reservoir of magic. (+10% MP)
You shall have no god before yourself.
You are agile. (Dex +2)
You are somewhat resistant to further mutation.


Message History

The orc priest mumbles some strange prayers to Beogh against you.
Pain shoots through your body!
The orc priest invokes the aid of Beogh against you.
Beogh smites you! The orc misses you.
You hit the orc priest.
The orc priest is moderately wounded.
The orc priest misses you.
You riposte.
You barely miss the orc priest.
The orc priest is moderately wounded.
The orc closely misses you.
You riposte.
You hit the orc.
The orc is heavily wounded.
Unknown command.
You slash the bullfrog zombie!
The bullfrog zombie is moderately damaged.
The bullfrog zombie hits you.
You slash the orc!
You kill the orc!
The orc priest calls down the wrath of Beogh upon you.
Pain shoots through your body!
* * * LOW HITPOINT WARNING * * *
You hit the bullfrog zombie.
The bullfrog zombie is heavily damaged.
The bullfrog zombie misses you.
You riposte.
You hit the bullfrog zombie but do no damage.
The bullfrog zombie is heavily damaged.
The bullfrog zombie closely misses you.
Okay, then.
The bullfrog zombie hits you.
* * * LOW HITPOINT WARNING * * *
The bullfrog zombie closely misses you.
The orc priest looks satisfied for a moment.
The bullfrog zombie closely misses you.
The bullfrog zombie hits you but does no damage.
The bullfrog zombie hits you but does no damage.
There is a stone staircase leading down here.
The bullfrog zombie hits you.
* * * LOW HITPOINT WARNING * * *
You see here a +0 chain mail.
The orc priest mumbles some strange prayers to Beogh against you.
Beogh smites you!
You die...

##.#####.######.#.########
#........o.....###.......#
#..#####.####o..#.######.#
#..#####.# #.o...## #.#
#..oo....# ##...## #.#
#.######## ##>## #.#####
#.# #Z# #.....# #o# #[#
#####.# #..o....# ##@##
#.# #.#.###.# ##...##
###.## #.... ##.....##
###..... # ... #.....<.##
##.#.#.## ..>..
#.........####....#.#
.....
+.........'.......#.#
#......
#.........####......##
##.......## ##.#.....
##.....## ####.###


You could see 2 orc priests and a bullfrog zombie.

Vanquished Creatures
  A necrophage (D:4)
  A scorpion (D:5)
  A water moccasin skeleton (D:4)
  2 hounds (D:4)
  An orc priest (D:4)
  An orc wizard (D:4)
  2 hound skeletons (D:4)
  4 adders (D:3)
  An ufetubus (D:5)
  An adder skeleton (D:4)
  A worm (D:1)
  3 dart slugs
  10 orcs
  5 ball pythons
  5 endoplasms
  A giant cockroach (D:4)
  7 goblins
  11 hobgoblins
  5 jackals
  4 kobolds
  3 quokkas
  2 bats
  2 frilled lizards
  9 rats
83 creatures vanquished.

Vanquished Creatures (others)
  9 plants (D:4)
9 creatures vanquished.

Grand Total: 92 creatures vanquished

Notes
Turn   | Place    | Note
-------+----------+-------------------------------------------
     0 | D:1      | DasRunzen the Demigod Gladiator began the quest for the
                  | Orb.
     0 | D:1      | Reached XP level 1. HP: 17/17 MP: 3/3
   565 | D:1      | Reached XP level 2. HP: 24/24 MP: 4/4
  1477 | D:2      | Reached skill level 1 in Armour
  1745 | D:1      | Reached XP level 3. HP: 13/29 MP: 5/5
  2127 | D:2      | Found Yfeazux's Jewellery Shoppe.
  2884 | D:3      | Reached XP level 4. HP: 33/37 MP: 6/6
  3912 | D:4      | Noticed a necrophage
  3933 | D:4      | Killed a necrophage
  3934 | D:4      | Reached XP level 5. HP: 36/45 MP: 3/8
  4032 | D:4      | Reached skill level 1 in Spellcasting
  4233 | D:4      | Reached XP level 6. HP: 42/51 MP: 8/10
  4795 | D:4      | Gained mutation: You are agile. (Dex +2) [potion of
                  | mutation]
  4795 | D:4      | Gained mutation: You are somewhat resistant to further
                  | mutation. [potion of mutation]
  4817 | D:5      | Entered Level 5 of the Dungeon
  5218 | D:5      | Killed from afar by an orc priest

Illustrated notes

Levels and vault maps discovered:
D:1:      beargit_arrival_greenhouse, layout_basic, minmay_hexomino_r4
D:2:      layout_loops_ring, serial_shops, nicolae_shop_crystal,
          chequers_ecumenical_altar_simple_redux, grunt_ministairs_15,
          st_stairs_14, kennysheep_doodads, minmay_goblin_kobold_house
D:3:      layout_loops_ring, minitemple
D:4:      layout_loops_ring, nicolae_ru_the_path_less_chosen,
          grunt_dithmenos_smoke, chequers_big_river
D:5:      layout_loops_corners, marbit_many_paths, uniq_grinder

Skill      XL: |  1  2  3  4  5  6 |
---------------+-------------------+-----
Fighting       | 2 3 |  3.4
Long Blades    | 3 4 |  4.1
Dodging        | 3 4 |  4.0
Armour         | 1 2 |  2.8
Spellcasting   | 1 |  1.6
Throwing       | |  1.7

Action                   |  1- 3 |  4- 6 || total
-------------------------+-------+-------++-------
Melee: Long sword        |   113 |   136 ||   249
  Use: Scroll            |     8 |     6 ||    14
       Potion            |       |     1 ||     1
 Stab: Sleeping          |     1 |       ||     1
Armor: Leather armour    |    42 |    46 ||    88
Dodge: Dodged            |    86 |   108 ||   194
       Rpst.: Long sword |    29 |    28 ||    57

Table legend: (Time is in decaauts)
 A = Elapsed time spent in this place.
 B = Non-inter-level travel time spent in this place.
 C = Inter-level travel time spent in this place.
 D = Time resting spent in this place.
 E = Time spent auto-exploring this place.
 F = Levels seen in this place.
 G = Mean time per level.
                   A        B        C        D        E       F      G
               +--------+--------+--------+--------+--------+-----+--------+
         Total |   5284 |   5196 |     88 |    723 |   3657 |   5 | 1056.8 |
       Dungeon |   5284 |   5196 |     88 |    723 |   3657 |   5 | 1056.8 |
               +--------+--------+--------+--------+--------+-----+--------+

Top non-repeatable levels by time:
     D:1: 1955 daAuts
     D:4: 1127 daAuts
     D:3: 953 daAuts
     D:2: 843 daAuts
     D:5: 404 daAuts
